 Dungeon Crawl Stone Soup version 0.19.4 (webtiles) character file.

394 Jerry the Cudgeler (level 6, -7/66 HPs)
             Began as an Ogre Hunter on Feb 2, 2017.
             Mangled by a wyvern skeleton (12 damage)
             ... on level 5 of the Dungeon.
             The game lasted 00:12:12 (4653 turns).

Jerry the Cudgeler (Ogre Hunter)                    Turns: 4653, Time: 00:12:12

Health: -7/66      AC:  4    Str: 19    XL:     6   Next: 82%
Magic:  6/6        EV: 10    Int: 10    God:
Gold:   199        SH:  0    Dex: 11    Spells: 0 memorised, 5 levels left

rFire  . . .     SeeInvis .     j - +1 whip
rCold  . . .     Gourm    .     b - +1 robe
rNeg   . . .     Faith    .     (no shield)
rPois  .         Spirit   .     (helmet restricted)
rElec  .         Reflect  .     (no cloak)
rCorr  +         Harm     .     (gloves unavailable)
MR     .....                    (boots unavailable)
Stlth  ++........               (no amulet)
                                (no ring)
                                h - ring of resist corrosion

@: no status effects
A: unfitting armour, tough skin 1
a: no special abilities


You were on level 5 of the Dungeon.
You were not hungry.

You visited 1 branch of the dungeon, and saw 5 of its levels.

You collected 199 gold pieces.

Inventory:

Hand Weapons
 a - a +0 giant club
 j - a +1 whip (weapon)
 o - a +0 giant spiked club
Missiles
 c - 4 large rocks (quivered)
 d - 2 throwing nets
Armour
 b - a +1 robe (worn)
Jewellery
 h - a ring of resist corrosion (left hand)
Wands
 q - a wand of slowing (22/48)
 w - a wand of slowing (35/48)
Scrolls
 e - 2 scrolls of identify
 g - 2 scrolls of teleportation
 k - 4 scrolls of magic mapping
 r - 2 scrolls of enchant weapon
 t - a scroll of amnesia
Potions
 l - a potion of heal wounds
 m - a potion of agility
 n - 2 potions of curing
 p - a potion of flight
 u - a potion of brilliance
Comestibles
 f - 3 bread rations
 i - a slice of pizza
 s - a meat ration
 v - 3 chunks of flesh


   Skills:
 + Level 5.0 Fighting
 * Level 5.5 Maces & Flails
 - Level 4.0 Throwing
 - Level 1.7 Dodging
 + Level 3.2 Stealth


You had 5 spell levels left.
You didn't know any spells.

Dungeon Overview and Level Annotations

Branches:
Dungeon (5/15)
 Temple: D:4-7

Altars:
Ashenzari
Cheibriados
Fedhas
Hepliaklqana
Okawaru
Xom
The Shining One


Innate Abilities, Weirdness & Mutations

You are too large for most types of armour.
You have tough skin. (AC +1)


Message History

You barely miss the wyvern skeleton.
The wyvern skeleton is severely damaged.
The wyvern skeleton barely misses you.
You barely miss the wyvern skeleton.
The wyvern skeleton is severely damaged.
The wyvern skeleton barely misses you.
You hit the wyvern skeleton.
The wyvern skeleton is severely damaged.
The wyvern skeleton bites you!
* * * LOW HITPOINT WARNING * * *
You are too injured to fight recklessly!
You are too injured to fight recklessly!
You hit the wyvern skeleton.
The wyvern skeleton is almost destroyed.
The wyvern skeleton bites you!
* * * LOW HITPOINT WARNING * * *
You completely miss the wyvern skeleton.
The wyvern skeleton is almost destroyed.
The wyvern skeleton bites you!
You die...

## .# .# ###
.# #.. .#
#######.####Z#
#..........@.#
#.#####.######
#.# #.# #.#
#.# #.# #.#
#####.#####.#
#....#......#
#####.#######
#...(.#


You could see a wyvern skeleton.

Vanquished Creatures
  2 ogres (D:4)
  A howler monkey (D:4)
  Ijyb (D:3)
  Robin (D:4)
  4 adders
  An adder skeleton (D:4)
  4 dart slugs
  4 leopard geckos
  2 orcs (D:4)
  17 bats
  4 giant cockroaches
  18 goblins
  6 hobgoblins
  8 jackals
  A ball python skeleton (D:4)
  6 frilled lizards
  12 kobolds
  5 rats
97 creatures vanquished.

Notes
Turn   | Place    | Note
-------+----------+-------------------------------------------
     0 | D:1      | Jerry the Ogre Hunter began the quest for the Orb.
     0 | D:1      | Reached XP level 1. HP: 22/22 MP: 1/1
   116 | D:1      | Reached skill level 1 in Stealth
   183 | D:1      | Reached XP level 2. HP: 29/31 MP: 2/2
   444 | D:1      | Reached skill level 1 in Maces & Flails
   716 | D:1      | Reached XP level 3. HP: 29/37 MP: 3/3
  1459 | D:2      | Reached XP level 4. HP: 27/45 MP: 4/4
  1891 | D:2      | Found a shimmering altar of Xom.
  1893 | D:2      | Found an iron altar of Okawaru.
  1893 | D:2      | Found a glowing golden altar of the Shining One.
  1895 | D:2      | Found a blossoming altar of Fedhas.
  1895 | D:2      | Found a shattered altar of Ashenzari.
  1895 | D:2      | Found a snail-covered altar of Cheibriados.
  2803 | D:3      | Noticed Ijyb
  2844 | D:3      | Killed Ijyb
  2844 | D:3      | Reached XP level 5. HP: 29/54 MP: 5/5
  3430 | D:4      | Noticed an ogre
  3433 | D:4      | Killed an ogre
  3433 | D:4      | Reached XP level 6. HP: 63/63 MP: 6/6
  3866 | D:4      | Reached skill level 5 in Maces & Flails
  4074 | D:4      | Noticed Robin
  4182 | D:4      | Killed Robin
  4240 | D:4      | Found a hazy altar of Hepliaklqana.
  4550 | D:4      | Reached skill level 5 in Fighting
  4601 | D:5      | Entered Level 5 of the Dungeon
  4653 | D:5      | Mangled by a wyvern skeleton

Skill      XL: |  1  2  3  4  5  6 |
---------------+-------------------+-----
Fighting       | 3 4 5 |  5.0
Stealth        | 1 2 3 |  3.2
Maces & Flails | 1 2 3 4 5 |  5.5
Throwing       | |  4.0
Dodging        | |  1.7

Action                   |  1- 3 |  4- 6 || total
-------------------------+-------+-------++-------
Melee: Short sword       |    51 |       ||    51
       Whip              |   132 |   209 ||   341
       Giant club        |       |    30 ||    30
Throw: Large rock        |       |     8 ||     8
  Use: Scroll            |       |    12 ||    12
 Stab: Sleeping          |     1 |     1 ||     2
  Eat: Chunk             |     2 |    10 ||    12
Armor: Robe              |   106 |    76 ||   182
Dodge: Dodged            |   148 |   128 ||   276
